Map: Iron Fortress LE (Void)

Players

raynors

  • Race: Terran Terran
  • League: Grandmaster

IlIIlIlIlIIl

  • Race: Terran Terran
  • League: Grandmaster

Phantom

  • Race: Protoss Protoss
  • League: Grandmaster

Apex

  • Race: Protoss Protoss
  • League: Grandmaster

VOD

Have the link to the VOD?

Description

Time

  • Played on: June 10, 2015, 4:10 a.m.
  • Length: 5:57
Show
View Real Time Build Order
Export as new Build Order

raynors Terran 

Build Orders: Reaper Expand 

Get SALT Encoding   

  12  0:02  SCV  
  13  0:19  SCV  
  14  0:31  SCV  
  15  0:39  Supply Depot  
  15  0:51  Refinery  
  15  1:00  SCV  
  16  1:04  Barracks  
  16  1:14  Refinery  
  16  1:29  Supply Depot  
  16  1:35  Barracks  
  16  1:46  SCV  
  17  1:50  Barracks  
  17  2:26  Command Center  
  17  2:29  Reaper  
  18  2:38  Reaper  
  19  3:01  Reaper  
  20  3:10  Reaper  
  20  3:27  Bunker  
  20  3:37  Supply Depot  
  16  3:59  Orbital Command  
  15  4:32  Barracks Tech Lab  
  15  4:33  Barracks Tech Lab  
  14  4:43  SCV  
  15  4:50  Engineering Bay  
  15  4:55  Marauder  
  15  4:57  Marauder  
  17  5:21  Bunker  
Show
View Real Time Build Order
Export as new Build Order

IlIIlIlIlIIl Terran 

Build Orders:  

Get SALT Encoding   

  12  0:01  Probe  
  13  0:14  Pylon  
  13  0:22  Probe  
  14  0:30  Probe  
  15  0:37  Assimilator  
  15  0:39  Probe  
  15  0:40  Assimilator  
  16  0:50  Gateway  
  16  0:55  Probe  
  17  1:03  Probe  
  18  1:14  Gateway, Probe  
  19  1:26  Probe  
  20  1:38  Probe  
  20  1:39  Cybernetics Core  
  21  1:51  Probe  
  22  1:55  Pylon  
  22  2:10  Adept x2  
  22  2:13  Probe  
  23  2:16  Warp Gate  
  27  2:25  Probe  
  28  2:31  Robotics Facility  
  28  2:36  Pylon  
  28  2:37  Mothership Core  
  30  2:50  Adept  
  30  2:54  Adept  
  34  2:58  Probe  
  35  3:13  Pylon  
  35  3:31  Immortal  
  35  3:34  Probe  
  40  3:46  Probe  
  41  3:50  Stalker  
  41  3:57  Stalker  
  41  3:58  Gateway  
  41  4:01  Probe  
  46  4:04  Pylon  
  46  4:06  Pylon  
  46  4:24  Immortal  
  50  4:39  Nexus  
  50  4:44  Pylon  
  50  4:45  Probe  
  51  4:58  Probe  
  52  5:02  Twilight Council  
  52  5:05  Observer  
  52  5:08  Forge  
  52  5:10  Probe  
  54  5:28  Probe  
  59  5:40  Probe  
  60  5:47  Assimilator  
  60  5:51  Assimilator  
  60  5:55  Stalker  
Show
View Real Time Build Order
Export as new Build Order

Phantom Protoss 

Build Orders:  

Get SALT Encoding   

Show
View Real Time Build Order
Export as new Build Order

Apex Protoss 

Build Orders:  

Get SALT Encoding   

Tags
 
Add a new tag
Caveats
  • Supply blocks, unpowered buildings, or Contaminate may cause inaccurate times.
  • Supply counts are checked every 10 seconds.